 Dungeon Crawl Stone Soup version 0.18-a0-1041-gbe91bf5 (webtiles) character file.

166009 dvd the Unseen (level 17, -11/82 HPs)
             Began as a Spriggan Enchanter on Jan 10, 2016.
             Was an Initiate of Gozag.
             Mangled by a wolf spider (15 damage)
             ... on level 3 of the Spider Nest on Jan 11, 2016.
             The game lasted 03:20:47 (28229 turns).

dvd the Unseen (Spriggan Enchanter)                Turns: 28229, Time: 03:20:47

Health: -11/82     AC: 10    Str: 10    XL:     17   Next: 28%
Magic:  28/38      EV: 30    Int: 25    God:    Gozag
Gold:   5194       SH:  0    Dex: 21    Spells: 11 memorised, 9 levels left

rFire  + . .     SeeInvis +     a - +7 short sword (vamp)
rCold  + . .     Gourm    .     q - +2 robe {rC+ rF+}
rNeg   + . .     Faith    .     (shield restricted)
rPois  +         Spirit   .     T - +0 mask of the Dragon {MR+ Slay+3 SInv}
rElec  .         Dismiss  .     E - +2 cloak
rCorr  +         Reflect  .     (gloves unavailable)
SustAt .         Harm     .     (boots unavailable)
MR     +++..                    H - amulet of magic regeneration
Stlth  +++++++++.               V - ring "Bainnoy" {rCorr rN+}
                                K - ring "Vufekkutuf" {rPois Str+4 Int+3 Dex+3}

@: studying Fighting, very quick, extremely resistant to hostile enchantments,
incredibly stealthy
A: unfitting armour, icy blue scales 1, slimy green scales 1, see invisible,
herbivore 3, speed 3, slow metabolism 2, strong 1
a: Potion Petition, Call Merchant, Bribe Branch, Renounce Religion


You were on level 3 of the Spider Nest.
You worshipped Gozag.
Gozag was noncommittal.
You were not hungry.

You visited 6 branches of the dungeon, and saw 29 of its levels.
You also visited: Labyrinth, Bailey and Volcano.

You collected 9943 gold pieces.
You spent 2550 gold pieces at shops.
You paid 2199 gold pieces to Gozag.

Inventory:

Hand Weapons
 a - a +7 vampiric short sword (weapon)
 Z - a +5 scimitar of flaming
Armour
 q - a +2 robe of resistance (worn)
 E - a +2 cloak (worn)
 G - the +1 robe of Midnight {rElec}
   (You bought it in a shop on level 2 of the Orcish Mines)

   It insulates you from electricity.
 S - a +0 robe of the Archmagi
 T - the +0 mask of the Dragon (worn) {MR+ Slay+3 SInv}
   (You bought it in a shop on level 2 of the Orcish Mines)

   It affects your accuracy and damage with ranged weapons and melee attacks
   (+3).
   It affects your resistance to hostile enchantments.
   It lets you see invisible.
Jewellery
 h - a +4 amulet of reflection
 l - the amulet of the Mantidfly {Dismiss MR+}
   (You bought it in a shop on level 1 of the Orcish Mines)

   [amulet of dismissal]

   It may teleport away creatures that harm you.
   It affects your resistance to hostile enchantments.
 s - an uncursed ring of sustain attributes
 H - an amulet of magic regeneration (around neck)
 K - the ring "Vufekkutuf" (left hand) {rPois Str+4 Int+3 Dex+3}
   (You bought it in a shop on level 2 of the Orcish Mines)

   [ring of poison resistance]

   It affects your strength (+4).
   It affects your intelligence (+3).
   It affects your dexterity (+3).
   It protects you from poison.
 O - an uncursed ring of protection from magic
 U - an uncursed amulet of regeneration
 V - the ring "Bainnoy" (right hand) {rCorr rN+}
   (You found it on level 1 of the Lair of Beasts)

   [ring of resist corrosion]

   It protects you from negative energy.
Wands
 e - a wand of disintegration (10/24)
 v - a wand of teleportation (5/9)
 x - a wand of enslavement (9/24)
 y - a wand of teleportation (4/9)
 P - a wand of disintegration (12/24)
 Q - a wand of fireball (11/15)
 R - a wand of cold (7/15)
Scrolls
 c - a scroll of blinking
 f - 3 scrolls of fear
 j - 11 scrolls of identify
 m - 13 scrolls of recharging
 p - 10 scrolls of remove curse
 u - 6 scrolls of teleportation
 I - 2 scrolls of enchant armour
Potions
 g - 3 potions of heal wounds
 i - 3 potions of agility
 o - 5 potions of curing
 t - 2 potions of flight
 w - 3 potions of magic
 C - a potion of cancellation
 D - 2 potions of brilliance
 F - 2 potions of cure mutation
 N - a potion of haste
 W - 2 potions of might
Books
 b - a book of Transfigurations

   Spells                             Type                      Level
   a - Stoneskin                      Transmutation/Earth          2
   b - Irradiate                      Conjuration/Transmutation    5
   c - Statue Form                    Transmutation/Earth          6
   d - Hydra Form                     Transmutation                6
   e - Dragon Form                    Transmutation                7
 k - a book of Dreams

   Spells                             Type                      Level
   a - Ensorcelled Hibernation        Hexes/Ice                    2
   b - Phase Shift                    Translocation                5
   c - Silence                        Hexes/Air                    5
   d - Darkness                       Hexes                        6
   e - Mass Confusion                 Hexes                        6
   f - Shadow Creatures               Summoning                    6
 r - a book of Necromancy

   Spells                             Type                      Level
   a - Pain                           Necromancy                   1
   b - Animate Skeleton               Necromancy                   1
   c - Vampiric Draining              Necromancy                   3
   d - Regeneration                   Charms/Necromancy            3
   e - Animate Dead                   Necromancy                   4
   f - Control Undead                 Necromancy                   4
 A - a book of Changes

   Spells                             Type                      Level
   a - Beastly Appendage              Transmutation                1
   b - Sticks to Snakes               Transmutation                2
   c - Spider Form                    Transmutation/Poison         3
   d - Ice Form                       Ice/Transmutation            4
   e - Blade Hands                    Transmutation                5
 B - a manual of Fighting
 L - a Young Poisoner's Handbook

   Spells                             Type                      Level
   a - Sting                          Conjuration/Poison           1
   b - Cure Poison                    Poison                       2
   c - Mephitic Cloud                 Conjuration/Poison/Air       3
   d - Olgreb's Toxic Radiance        Poison                       4
   e - Venom Bolt                     Conjuration/Poison           5
 X - a book of Hinderance

   Spells                             Type                      Level
   a - Confusing Touch                Hexes                        2
   b - Confuse                        Hexes                        3
   c - Gell's Gravitas                Hexes/Translocation          3
   d - Petrify                        Transmutation/Earth          4
   e - Metabolic Englaciation         Hexes/Ice                    5
   f - Yara's Violent Unravelling     Hexes/Transmutation          5
 Y - Diff's Catalogue of Cold and the Compass
   (You found it in a labyrinth)

   Spells                             Type                      Level
   a - Freeze                         Ice                          1
   b - Shroud of Golubria             Charms/Translocation         2
   c - Ozocubu's Armour               Charms/Ice                   3
   d - Recall                         Summoning/Translocation      3
   e - Ice Form                       Ice/Transmutation            4
   f - Warp Weapon                    Charms/Translocation         5
   g - Phase Shift                    Translocation                5
   h - Ozocubu's Refrigeration        Ice                          6
Comestibles
 d - 15 bread rations
 n - 6 royal jellies
 z - 24 fruits


   Skills:
 * Level 6.3 Fighting
 + Level 6.9(7.0) Short Blades
 + Level 1.4(3.6) Long Blades
 + Level 11.3 Dodging
 + Level 19.7 Stealth
 + Level 16.3 Spellcasting
   Level 0.2 Conjurations
 + Level 15.0 Hexes
 * Level 8.9 Charms
   Level 5.2 Summonings
 * Level 2.2 Necromancy
 + Level 7.1 Translocations
 + Level 2.0 Transmutations
 * Level 9.6 Ice Magic
 + Level 3.3 Evocations


You had 9 spell levels left.
You knew the following spells:

 Your Spells              Type           Power        Failure   Level  Hunger
a - Phase Shift           Tloc           ######....   4%          5    None
b - Ensorcelled Hibernat  Hex/Ice        ######       1%          2    None
c - Confuse               Hex            #######.     0%          3    None
d - Tukima's Dance        Hex            #######.     0%          3    None
e - Yara's Violent Unrav  Hex/Trmt       ######....   1%          5    None
f - Ozocubu's Armour      Chrm/Ice       ######..     1%          3    None
g - Shroud of Golubria    Chrm/Tloc      ######....   1%          2    None
h - Mass Confusion        Hex            #######...   1%          6    ####...
i - Regeneration          Chrm/Necr      #####.....   1%          3    None
j - Vampiric Draining     Necr           ####......   3%          3    None
k - Animate Dead          Necr           N/A          12%         4    None


Dungeon Overview and Level Annotations

Branches:
Dungeon (14/15)            Temple (1/1) D:4            Lair (8/8) D:10
  Swamp (1/4) Lair:4       Spider (3/4) Lair:4        Slime (0/6) Lair:7
    Orc (2/2) D:12            Elf (0/3) Orc:2        Vaults (0/5) D:14

Altars:
Ashenzari
Cheibriados
Dithmenos
Elyvilon
Fedhas
Gozag
Kikubaaqudgha
Makhleb
Nemelex Xobeh
Okawaru
Pakellas
Qazlal
Ru
Sif Muna
Trog
Vehumet
Xom
Yredelemnul
Zin
The Shining One

Shops:
D:10 [   D:14 *   Orc:1 *   Orc:2 =%*[[

Annotations:
D:7 exclusion: ice statue


Innate Abilities, Weirdness & Mutations

You are tiny and cannot use many weapons and most armour.
You have supernaturally acute eyesight.
You are a herbivore.
You cover ground extremely quickly.
You need consume almost no food.
You are partially covered in icy blue scales (AC +1).
You are partially covered in slimy green scales (AC +2).
Your muscles are strong. (Str +2)


Message History

The wolf spider completely misses you. The wolf spider misses you. x2
The wolf spider bites you!
* * * LOW HITPOINT WARNING * * *
Read which item? (? for menu, Esc to quit)
As you read the scroll of fear, it crumbles to dust.
You assume a fearsome visage.
The jumping spider resists with some effort.
The orb spider looks frightened!
The wolf spider looks frightened!
The moth of wrath looks frightened!
The tarantella looks frightened!
The wolf spider hits you!
* * * LOW HITPOINT WARNING * * *
The wolf spider barely misses you.
The jumping spider leaps!
The wolf spider completely misses you. x2
Drink which item? (? for menu, Esc to quit)
You feel much better. The wolf spider hits you!!
* * * LOW HITPOINT WARNING * * *
The wolf spider completely misses you. The wolf spider misses you.
The wolf spider bites you!
You die...
Your body crumbles into a pile of gold.

#................#...
..... ....#<....^.^#
##......#..##..#...#..
#........#..#.........
#...#...###.....#...<.
#..s.y#$.#s...##.#.#..
#....$...#.s..##.....#
#....$.$.#....#......#
#..#...##y...s@...s#^
## #.......#.#..#..#
#.....$###....# ...$
##^#....##..#^.# .
###..)..#..#....
#.....s..^#....
###.....#....##.
...#..##.... ....###


You could see 2 wolf spiders, a moth of wrath (fleeing), an orb spider
(fleeing), a jumping spider and a tarantella (fleeing).

Vanquished Creatures
  Kirke (Lair:5)
  The ghost of DungeonMaster the Eclecticist, an adept CeAE of Vehumet (Spider:1)
  Azrael (D:13)
  3 vault guards (D:14)
  Snorg (D:14)
  A minotaur (Lab)
  A fire dragon (Lair:8)
  An entropy weaver (Lair:4)
  9 hydras
  An ogre mage (Orc:2)
  3 centaur warriors
  An alligator (Swamp:1)
  4 tengu warriors (D:13)
  The ghost of Duffy the Destroyer, a novice VSCj of Vehumet (D:10)
  2 unseen horrors (D:14)
  2 deep trolls
  Pikel (D:7)
  A deep elf archer (D:14)
  A hill giant (D:13)
  2 orc knights
  A harpy (shapeshifter) (D:13)
  A wolf spider zombie (D:14)
  A deep elf mage (Volcano)
  An orc sorcerer (Orc:1)
  15 wolf spiders
  5 orb spiders
  9 ugly things
  3 cyclopes
  A manticore (D:14)
  3 griffons
  A hornet (Lair:8)
  9 black mambas
  A guardian serpent (Lair:8)
  18 elephants
  9 gargoyles
  17 spiny frogs
  A torpor snail (Lair:7)
  2 kobold demonologists (D:12)
  16 komodo dragons
  6 fire drakes
  4 demonic crawlers
  A tengu conjurer (D:14)
  9 jumping spiders
  9 trolls
  4 polar bears (Lair:1)
  A giant leech (Swamp:1)
  2 bog bodies (Swamp:1)
  5 blink frogs
  6 slime creatures (Swamp:1)
  A centaur simulacrum (D:14)
  4 shadows
  14 tarantellas
  36 redbacks
  A wraith (D:10)
  A hog (Lair:5)
  26 yaks
  2 wyverns (Lair:8)
  3 fire bats (Volcano)
  3 fire elementals (D:13)
  3 steam dragons
  16 vampire mosquitoes
  11 hippogriffs
  A hungry ghost (D:14)
  A human (D:14)
  A basilisk (Lair:8)
  9 wolves
  Menkaure (D:7)
  5 mottled dragons
  5 insubstantial wisps (Swamp:1)
  5 swamp worms (Swamp:1)
  2 wargs (Orc:2)
  12 porcupines
  19 water moccasins
  A swamp drake (Lair:8)
  2 hell hounds (D:13)
  16 orc warriors
  10 wasps
  4 ice beasts
  2 eyes of draining (D:13)
  6 black bears
  6 sky beasts
  A necrophage (D:8)
  A phantom (D:12)
  11 ogres
  16 crocodiles
  7 centaurs
  6 big kobolds
  22 giant frogs
  A wyvern zombie (D:8)
  A wyvern skeleton (D:14)
  16 killer bees
  3 scorpions
  4 wights
  3 electric eels
  2 crimson imps
  2 quasits
  A centaur zombie (D:12)
  A giant frog zombie (D:7)
  5 jellies
  5 hounds
  A gnoll shaman (D:10)
  2 orc priests
  Crazy Yiuf (D:7)
  2 giant frog skeletons
  7 iguanas
  7 orc wizards
  5 worker ants
  2 killer bee zombies
  19 sheep
  A hound skeleton (D:5)
  3 worker ant zombies
  26 adders
  7 gnolls
  41 river rats
  5 shadow imps
  4 oozes (Lair:7)
  An adder zombie (D:10)
  6 worms
  4 giant geckos
  31 orcs
  7 bats
  7 giant cockroaches
  4 goblins (D:3)
  7 hobgoblins
  9 jackals
  27 kobolds
  5 quokkas
  4 giant newts
  14 rats
795 creatures vanquished.

Vanquished Creatures (collateral kills)
  The ghost of st0uf the Thrower, a journeyman TrBe of Trog (Orc:2)
  A vault guard (D:14)
  A death knight (D:14)
  A centaur warrior (D:13)
  2 ogre magi
  2 tengu warriors (D:14)
  5 hill giants
  A wizard (D:14)
  3 deep elf magi
  An orc sorcerer (Orc:2)
  A tengu conjurer (D:14)
  6 two-headed ogres
  2 trolls (Orc:2)
  A bog body (Swamp:1)
  A swamp worm (Swamp:1)
  2 slaves (D:7)
  8 orc warriors
  16 ogres
  3 big kobolds (D:12)
  A gnoll sergeant (D:8)
  11 killer bees
  8 wights
  A gnoll shaman (D:7)
  3 orc priests
  3 orc wizards
  11 gnolls
  10 orcs
  4 goblins (Orc:1)
  8 kobolds
  A quokka (D:10)
119 creatures vanquished.

Vanquished Creatures (others)
  A spriggan (Swamp:1)
  6 dancing weapons
  A jumping spider (Spider:2)
  A queen bee (Lair:2)
  A two-headed ogre (Volcano)
  A wasp (Swamp:1)
  A centaur (D:10)
  A crocodile (Lair:5)
  A giant frog (D:14)
  2 killer bees (Lair:2)
  A river rat (Lair:8)
  2 orcs (Bailey)
  A quokka (D:10)
  3 fungi
  3 plants (Lair:8)
26 creatures vanquished.

Grand Total: 940 creatures vanquished

Notes
Turn   | Place    | Note
--------------------------------------------------------------
     0 | D:1      | dvd the Spriggan Enchanter began the quest for the Orb.
     0 | D:1      | Reached XP level 1. HP: 9/9 MP: 5/5
   205 | D:1      | Reached XP level 2. HP: 13/13 MP: 4/7
   216 | D:1      | Learned a level 2 spell: Ensorcelled Hibernation
   581 | D:1      | Found a shattered altar of Ashenzari.
   854 | D:2      | Reached XP level 3. HP: 16/16 MP: 9/9
   864 | D:2      | Reached skill level 5 in Stealth
   889 | D:2      | Learned a level 3 spell: Confuse
  1420 | D:2      | Reached XP level 4. HP: 11/21 MP: 0/11
  1603 | D:2      | Learned a level 3 spell: Tukima's Dance
  2081 | D:3      | Reached skill level 1 in Ice Magic
  2175 | D:3      | Found a white marble altar of Elyvilon.
  2550 | D:3      | Found a faded altar to an unknown god.
  2576 | D:3      | Reached skill level 6 in Stealth
  2576 | D:3      | Reached XP level 5. HP: 21/24 MP: 4/12
  3620 | D:4      | Reached XP level 6. HP: 28/28 MP: 10/14
  3624 | D:4      | Reached skill level 7 in Stealth
  4026 | D:4      | Found a staircase to the Ecumenical Temple.
  4035 | Temple   | Entered the Ecumenical Temple
  4116 | Temple   | Became a worshipper of Gozag Ym Sagoz the Greedy
  4370 | D:5      | Entered Level 5 of the Dungeon
  4561 | D:5      | Noticed an ice beast
  4569 | D:5      | Killed an ice beast
  4569 | D:5      | Reached skill level 5 in Spellcasting
  4569 | D:5      | Reached skill level 5 in Hexes
  4774 | D:5      | Reached XP level 7. HP: 32/32 MP: 9/16
  4987 | D:6      | Found an oddly glowing altar of Pakellas.
  4996 | D:6      | Found a bloodstained altar of Trog.
  5089 | D:6      | Reached skill level 8 in Stealth
  5101 | D:6      | Learned a level 3 spell: Dazzling Spray
  5181 | D:6      | Found a bloodstained altar of Trog.
  5636 | D:7      | Noticed Menkaure
  5649 | D:7      | Killed Menkaure
  5800 | D:7      | Noticed Pikel
  5866 | D:7      | Reached XP level 8. HP: 30/36 MP: 0/18
  6220 | D:7      | Killed Pikel
  6220 | D:7      | Reached skill level 5 in Dodging
  6220 | D:7      | Reached skill level 9 in Stealth
  6285 | D:7      | Reached skill level 1 in Fighting
  6613 | D:7      | Noticed an ice statue
  6736 | D:7      | Noticed Crazy Yiuf
  6742 | D:7      | Killed Crazy Yiuf
  6880 | D:8      | Reached XP level 9. HP: 35/41 MP: 14/21
  6982 | D:8      | Reached skill level 10 in Stealth
  7635 | D:9      | Noticed a troll
  7636 | D:9      | Killed a troll
  7643 | D:9      | Reached skill level 11 in Stealth
  7933 | D:9      | Found a sacrificial altar of Ru.
  8148 | D:10     | Entered Level 10 of the Dungeon
  8191 | D:10     | Noticed Duffy's ghost (novice VSCj)
  8195 | D:10     | Noticed a hill giant
  8211 | D:10     | Killed Duffy's ghost
  8211 | D:10     | Reached skill level 12 in Stealth
  8211 | D:10     | Reached XP level 10. HP: 46/46 MP: 21/24
  8217 | D:10     | Killed a hill giant
  8281 | D:10     | Noticed a hill giant
  8302 | D:10     | Killed a hill giant
  8361 | D:10     | Found a staircase to the Lair.
  8361 | D:10     | Noticed an elephant
  8404 | D:10     | Killed an elephant
  8406 | D:10     | Reached skill level 10 in Spellcasting
  8414 | D:10     | Reached skill level 10 in Hexes
  8418 | D:10     | Reached skill level 13 in Stealth
  8969 | D:11     | Noticed a gargoyle
  8996 | D:10     | Killed a gargoyle
  9494 | D:11     | Noticed a green ugly thing
  9538 | D:11     | Killed a green ugly thing
  9544 | D:11     | Noticed a cyclops
  9553 | D:11     | Killed a cyclops
  9553 | D:11     | Reached XP level 11. HP: 49/49 MP: 23/26
  9590 | D:11     | Learned a level 1 spell: Summon Small Mammal
  9655 | D:11     | Noticed a seven-headed hydra
  9660 | D:11     | Killed a seven-headed hydra
  9660 | D:11     | Reached skill level 14 in Stealth
  9772 | D:11     | Reached skill level 1 in Summonings
  9948 | D:12     | Got an encrusted great sword
  9965 | D:12     | Gained mutation: You are partially covered in slimy green scales (AC +2). [potion of beneficial mutation]
  9969 | D:12     | Gained mutation: You are partially covered in icy blue scales (AC +1). [potion of mutation]
  9969 | D:12     | Gained mutation: Your muscles are strong. (Str +2) [potion of mutation]
 10271 | D:12     | Found a labyrinth entrance.
 10283 | Lab      | Entered a labyrinth
 10620 | Lab      | Noticed a minotaur
 10730 | Lab      | Killed a minotaur
 10765 | Lab      | Identified Diff's Catalogue of Cold and the Compass
 11277 | D:12     | Found a staircase to the Orcish Mines.
 11552 | D:12     | Learned a level 3 spell: Ozocubu's Armour
 11658 | Lair:1   | Entered Level 1 of the Lair of Beasts
 11689 | Lair:1   | Learned a level 2 spell: Shroud of Golubria
 11693 | Lair:1   | Noticed a six-headed hydra
 11713 | Lair:1   | Killed a six-headed hydra
 12102 | Lair:1   | Reached XP level 12. HP: 54/54 MP: 29/29
 12129 | Lair:1   | Got a steaming wooden ring
 12131 | Lair:1   | Identified the ring "Bainnoy" {rCorr rN+} (You found it on level 1 of the Lair of Beasts)
 12154 | Lair:1   | Reached skill level 1 in Charms
 12206 | Lair:1   | Reached skill level 15 in Stealth
 12815 | Lair:2   | Learned a level 6 spell: Mass Confusion
 12977 | Lair:2   | Reached skill level 1 in Translocations
 13102 | Lair:2   | Noticed an eight-headed hydra
 13115 | Lair:2   | Killed an eight-headed hydra
 13351 | Lair:3   | Found a dark tunnel.
 13357 | Volcano  | Entered a volcano
 13704 | Volcano  | Reached skill level 1 in Long Blades
 13704 | Volcano  | Reached skill level 5 in Summonings
 13704 | Volcano  | Reached skill level 5 in Translocations
 13704 | Volcano  | Reached XP level 13. HP: 35/59 MP: 30/30
 14225 | Lair:3   | Reached skill level 5 in Charms
 14655 | Lair:4   | Found a shattered altar of Ashenzari.
 14841 | Lair:4   | Reached skill level 16 in Stealth
 15161 | Lair:4   | Reached skill level 5 in Ice Magic
 15226 | Lair:4   | Found a staircase to the Swamp.
 15342 | Lair:4   | Found a hole to the Spider Nest.
 15812 | Lair:5   | Reached skill level 5 in Short Blades
 16011 | Lair:5   | Noticed Kirke
 16025 | Lair:5   | Killed Kirke
 16025 | Lair:5   | Reached XP level 14. HP: 61/63 MP: 32/32
 16779 | Lair:6   | Reached skill level 17 in Stealth
 17716 | Lair:7   | Found a staircase to the Slime Pits.
 18019 | Lair:7   | Learned a level 5 spell: Phase Shift
 18262 | Lair:8   | Entered Level 8 of the Lair of Beasts
 18761 | Lair:8   | Identified a +0 rod of shadows (11/11) (You found it on level 8 of the Lair of Beasts)
 19292 | Lair:8   | Reached skill level 10 in Dodging
 19292 | Lair:8   | Reached skill level 18 in Stealth
 19935 | Lair:8   | Reached XP level 15. HP: 68/68 MP: 13/34
 20217 | D:10     | Bought a +2 robe of resistance for 640 gold pieces
 20314 | Orc:1    | Entered Level 1 of the Orcish Mines
 20470 | Orc:1    | Found a flagged portal.
 20502 | Bailey   | Entered a bailey
 21197 | Bailey   | Reached XP level 16. HP: 71/74 MP: 24/35
 21489 | Orc:1    | Bought a wavering copper amulet for 205 gold pieces
 21490 | Orc:1    | Identified the amulet of the Mantidfly {Dismiss MR+} (You bought it in a shop on level 1 of the Orcish Mines)
 21514 | Orc:2    | Entered Level 2 of the Orcish Mines
 21534 | Orc:2    | Noticed st0uf's ghost (journeyman TrBe)
 22026 | Orc:2    | Killed st0uf's ghost
 22026 | Orc:2    | Reached skill level 15 in Spellcasting
 22291 | Orc:2    | Found a staircase to the Elven Halls.
 22342 | Orc:2    | Found Kypiakhlif's Antique Armour Shop.
 22345 | Orc:2    | Found Mocwoekk's Assorted Antiques.
 22350 | Orc:2    | Found Hegil's Food Boutique.
 22351 | Orc:2    | Found Penneteu's Jewellery Shop.
 22354 | Orc:2    | Bought a wizard robe for 171 gold pieces
 22364 | Orc:2    | Identified the +1 robe of Midnight {rElec} (You bought it in a shop on level 2 of the Orcish Mines)
 22385 | Orc:2    | Bought the ring "Vufekkutuf" {rPois Str+4 Int+3 Dex+3} for 672 gold pieces
 22544 | Orc:2    | Bought a scroll labeled NEATYTHR TEUSI for 30 gold pieces
 22555 | Orc:2    | Bought a bread ration for 55 gold pieces
 22555 | Orc:2    | Bought a bread ration for 55 gold pieces
 22555 | Orc:2    | Bought a bread ration for 55 gold pieces
 22555 | Orc:2    | Bought 4 fruits for 66 gold pieces
 22585 | Orc:2    | Bought the +0 mask of the Dragon {MR+ Slay+3 SInv} for 601 gold pieces
 23306 | D:13     | Noticed Azrael
 23417 | D:13     | Killed Azrael
 23911 | D:14     | Noticed Snorg
 23953 | D:14     | Killed Snorg
 23986 | D:14     | Learned a level 5 spell: Yara's Violent Unravelling
 24123 | D:14     | Reached skill level 19 in Stealth
 24491 | D:14     | Found Quod's General Store.
 24846 | D:14     | Found a gate to the Vaults.
 25238 | Spider:1 | Entered Level 1 of the Spider Nest
 25290 | Lair:4   | Reached skill level 5 in Fighting
 25337 | Spider:1 | Learned a level 3 spell: Regeneration
 25356 | Spider:1 | Noticed DungeonMaster's ghost (adept CeAE)
 25437 | Swamp:1  | Entered Level 1 of the Swamp
 25573 | Swamp:1  | Learned a level 3 spell: Vampiric Draining
 26374 | Spider:1 | Killed DungeonMaster's ghost
 26409 | Spider:1 | Reached XP level 17. HP: 71/80 MP: 32/38
 26447 | Spider:1 | Reached skill level 1 in Necromancy
 26739 | Spider:1 | Learned a level 4 spell: Animate Dead
 26783 | Spider:1 | Got a tattered robe
 26784 | Spider:1 | Identified the +4 robe of Objectivity {Dex+6} (You found it on level 1 of the Spider Nest)
 27780 | Spider:2 | Reached skill level 15 in Hexes
 28228 | Spider:3 | HP: 3/82 [wolf spider (11)]
 28229 | Spider:3 | Mangled by a wolf spider

Vault maps used:
D:1:      minmay_arrival_radiant_lines, st_stairs_14, evilmike_ruin_ashenzari
D:2:      first_bread
D:3:      elyvilon_altar_1, ecumenical_altar_2, grunt_decor_fettered,
          st_stairs_10
D:4:      lemuel_temple_firewalk
D:6:      grunt_temple_overflow_open, trog_book
D:7:      lemuel_ice_statue, uniq_crazy_yiuf_cottage, uniq_menkaure, uniq_pikel
D:8:      hangedman_abyss_or_decor_jellyfish_corner
D:9:      nicolae_ru_the_path_less_chosen
D:10:     david_lair_generic
D:12:     orc_0_dummy, lab_entry_generic
D:13:     uniq_azrael
D:14:     grunt_vaults_entry_fortified, kennysheep_nub, serial_shops,
          kennysheep_mini_moat, uniq_snorg
Temple:   lightli_temple_of_artemis
Lair:1:   beast_lair_carwin_large_3, grunt_megastairs_1
Lair:2:   special_room, lemuel_fruit_tree
Lair:3:   enter_volcano_2, st_stairs_5
Lair:4:   minmay_swamp_entry_swarm, spider_nest_entry_funnel_web, basic_altar,
          st_stairs_9
Lair:5:   beast_lair_carwin_8, uniq_kirke
Lair:6:   minivault_26, serial_bayou_ford_a, grunt_megastairs_4,
          serial_bayou_shore_a, infiniplex_staircase_pool
Lair:7:   nicolae_slime_entry_slimehenge
Lair:8:   hangedman_lair_tendril_chambers, guppyfry_lair_end_dragon,
          guppyfry_lair_drakes
Swamp:1:  evilmike_swamp_ruin_rubble_1
Spider:2: spiders_nest_spider_trap
Spider:3: nicolae_looking_at_the_future
Orc:1:    enter_bailey_3
Orc:2:    st_orc_open
Lab:      nicolae_lab_dead_adventurers, lab_block, nicolae_lab_checkerboard,
          labyrinth_baited_teleportation_trap, nicolae_lab_grate,
          labyrinth_lava_lair, nicolae_lab_lava, nicolae_lab_very_dead_end
Bailey:   bailey_polearm_2, bailey
Volcano:  volcano_village

Action                   |  1- 3 |  4- 6 |  7- 9 | 10-12 | 13-15 | 16-18 || total
-------------------------+-------+-------+-------+-------+-------+-------++-------
Melee: Dagger            |    75 |   117 |   186 |   379 |    58 |       ||   815
       Short sword       |       |       |       |       |   498 |   530 ||  1028
       Scimitar          |       |       |       |       |     4 |       ||     4
 Cast: Corona            |     9 |     2 |     1 |       |       |       ||    12
       Ensorcelled Hiber |    29 |    56 |    47 |    71 |   253 |   169 ||   625
       Confuse           |     2 |     9 |    24 |    78 |    40 |    62 ||   215
       Tukima's Dance    |       |     4 |    27 |    28 |     7 |    54 ||   120
       Dazzling Spray    |       |       |     4 |     2 |       |       ||     6
       Ozocubu's Armour  |       |       |       |    11 |    36 |    42 ||    89
       Summon Small Mamm |       |       |       |     2 |       |       ||     2
       Shroud of Golubri |       |       |       |    10 |    15 |     4 ||    29
       Mass Confusion    |       |       |       |     1 |    15 |    22 ||    38
       Phase Shift       |       |       |       |       |    14 |    22 ||    36
       Vampiric Draining |       |       |       |       |       |     7 ||     7
       Regeneration      |       |       |       |       |       |     1 ||     1
       Yara's Violent Un |       |       |       |       |       |     1 ||     1
Invok: Call Merchant     |       |       |       |       |     1 |     2 ||     3
Evoke: Wand              |       |       |       |     2 |       |       ||     2
       Rod               |       |       |       |       |     5 |       ||     5
  Use: Scroll            |       |       |    12 |     7 |    12 |     9 ||    40
       Potion            |       |       |       |    17 |     4 |     8 ||    29
 Stab: Sleeping          |    25 |    46 |    41 |    69 |   211 |   133 ||   525
       Confused          |       |     3 |    17 |    33 |    37 |    56 ||   146
       Distracted        |       |       |     2 |       |    11 |     7 ||    20
       Invisible         |       |       |     1 |     3 |       |       ||     4
  Eat: Bread ration      |       |     1 |       |     1 |     1 |       ||     3
       Pizza             |       |       |     2 |     1 |     1 |       ||     4
       Royal jelly       |       |       |       |       |     5 |     5 ||    10
       Fruit             |       |       |       |       |       |     1 ||     1
